 Dungeon Crawl Stone Soup version 0.28.0-45-g0d030f2227 (webtiles) character file.

Game seed: 17925799987540239675

87 zeratav the Caller (level 4, -6/24 HPs)
             Began as a Tengu Summoner on Apr 12, 2022.
             Mangled by a goblin
             ... wielding a +2 dagger of distortion
             ... led by Robin
              (8 damage)
             ... on level 3 of the Dungeon.
             The game lasted 00:07:58 (3210 turns).

zeratav the Caller (Tengu Summoner)                 Turns: 3210, Time: 00:07:58

Health: -6/24      AC:  2    Str: 13    XL:     4   Next: 51%
Magic:  15/17      EV: 13    Int: 17    God:
Gold:   39         SH:  0    Dex: 14    Spells: 4/8 levels left

rFire   + . .      SeeInvis +   c - +0 dagger {short}
rCold   . . .      Faith    .   (no shield)
rNeg    . . .      Spirit   .   a - +0 robe
rPois   .          Reflect  .   (helmet restricted)
rElec   .          Harm     .   (no cloak)
rCorr   +          Rampage  .   (no gloves)
Will    .....                   (boots unavailable)
Stlth   ++........              (no amulet)
HPRegen 0.08/turn               h - ring "Sonoagecs" {Drain rF+ rCorr Str+4 SInv}
MPRegen 0.15/turn               m - ring of magical power

@: no status effects
A: beak, talons 3
a: no special abilities


You were on level 3 of the Dungeon.
You visited 1 branch of the dungeon, and saw 3 of its levels.

You collected 149 gold pieces.
You spent 110 gold pieces at shops.


Innate Abilities, Weirdness & Mutations

You have a beak for a mouth.
You have claws for feet.


   Skills:
 + Level 2.9 Dodging
 - Level 2.0 Stealth
 + Level 2.5 Spellcasting
 + Level 1.1 Hexes
 * Level 5.8 Summonings


You had 4 spell levels left.
You knew the following spells:

 Your Spells              Type           Power      Damage    Failure   Level
a - Summon Small Mammal   Summ           84%        N/A       1%          1
b - Call Canine Familiar  Summ           21%        N/A       4%          3

Your spell library contained the following spells:

 Spells                   Type           Power      Damage    Failure   Level
 Call Imp                 Summ           21%        N/A       2%          2
 Summon Guardian Golem    Hex/Summ       14%        N/A       13%         3
 Mephitic Cloud           Conj/Pois/Air  2%         N/A       50%         3
 Summon Lightning Spire   Summ/Air       12%        N/A       50%         4
 Fireball                 Conj/Fire      1%         3d3       99%         5
 Starburst                Conj/Fire      1%         6d3       100%        6
 Ignition                 Fire           1%         3d3       100%        8

Inventory:

Hand Weapons
 c - a +0 dagger (weapon) {short}
   (You took it off a kobold on level 1 of the Dungeon)
 o - a +1 dagger of electrocution {short}
   (You took it off a kobold on level 3 of the Dungeon)
Armour
 a - a +0 robe (worn)
 e - a +2 chain mail of fire resistance
   (You found it on level 1 of the Dungeon)
 q - a scarf of invisibility
   (You found it on level 3 of the Dungeon)
Jewellery
 h - the ring "Sonoagecs" (left hand) {Drain rF+ rCorr Str+4 SInv}
   (You bought it in a shop on level 2 of the Dungeon)

   [ring of see invisible]

   Str:       It affects your strength (+4).
   rF:        It protects you from fire.
   SInv:      It lets you see invisible.
   rCorr:     It protects you from acid and corrosion.
   Drain:     It drains your maximum health when unequipped.
 m - a ring of magical power (right hand)
   (You found it on level 3 of the Dungeon)
Scrolls
 f - a scroll of noise {unknown}
 g - 3 scrolls of brand weapon {unknown}
 l - 2 scrolls of enchant armour {unknown}
 n - 2 scrolls of teleportation {unknown}
 p - a scroll of identify {unknown}
Potions
 b - a potion of berserk rage {unknown}
 d - a potion of flight {unknown}
 i - a potion of resistance {unknown}
 j - a potion of heal wounds {unknown}
 k - a potion of lignification {unknown}

Dungeon Overview and Level Annotations

Branches:
Dungeon (3/15)

Altars:
Uskayaw

Shops:
D:1 *   D:2 ***[(

Annotations:
D:3 Robin

##.....##.....##
##..............##
#....†...........#
#....††..........#
#................#
#................#
#............†.).######
####....gg........†.......
#.......g@.........#######
#......gg..#......##
#.....gh.###.######
#......gg# #.. ####
#........# # #...
#...g....# #... #.g.g....#
#... #.....g..# #...
#...>....# #.<.


You could see Robin, 2 hobgoblins, 9 goblins and a friendly hound (summoned).


Message History

The jackal bites you but does no damage.
Your quokka barely misses the jackal.
Your hound bites the jackal but does no damage.
HP[+1]
You hit the jackal.
Your bat hits the jackal but does no damage.
Your bat closely misses the jackal.
The jackal closely misses you.
Your hound barely misses the jackal.
The jackal bites you but does no damage.
Your quokka bites the jackal.
MP[+1]
You hit the jackal.
You kill the jackal!
Your quokka disappears in a puff of smoke!
You see here a jackal corpse.
You pick up the Compendium of the Vitriolic Blaze and begin reading...
You add the spell Mephitic Cloud to your library.
Your bat disappears in a puff of smoke!
HP[+2] MP[+1]
Your hp is fully restored (24).
Your mp is fully restored (17).
Found a stone staircase leading down.
A goblin comes into view. It is wielding a +0 club.
You see here a scarf of invisibility.
Unknown command.
q - a scarf of invisibility What are your orders? t - Shout!
Orders for allies: a - Attack new target. r - Retreat! s - Stop attacking. g - Guard the area. f - Follow me.
Anything else - Cancel.
Gang up on whom?
Press: ? - help, Dir - move target, f - goblin
Aim: a goblin, wielding a +0 club (asleep) Attack!
A goblin comes into view. It is wielding a +0 club.
The goblin shouts!
You hear a shout!
A goblin comes into view. It is wielding a +0 club.
Robin of the Strong Arm comes into view.
They are wielding a +0 spear.
You hear a shout!
A goblin comes into view. It is wielding a +0 dagger.
Robin roars a battlecry!
The goblins go into a battle-frenzy!
You hear a shout!
Robin throws the goblin at you! The goblin closely misses you.
Your hound bites the goblin.
Casting: Summon Small Mammal (safe; 1% risk of failure)
Confirm with . or Enter, or press ? or * to list all spells.
The spell is quite dangerous to miscast (4% risk of failure)!
Continue anyway?
Your hound disappears in a puff of smoke!
A goblin comes into view.
It is wielding a +1 dagger of protection.
The goblin hits you with a +0 dagger.
HP[-3] MP[-3]
You take 3 damage, and now have 21/24 hp.
You lost 3 mp, and now have 14/17 mp.
What are your orders? t - Shout!
Orders for allies: a - Attack new target. p - Attack previous target. r - Retreat! s - Stop attacking. g - Guard the area. f - Follow me.
Anything else - Cancel.
Gang up on whom?
Press: ? - help, Dir - move target, f - goblin, p - goblin
Aim: a goblin, wielding a +0 dagger (strong, ally target) Attack!
A goblin comes into view. It is wielding a +0 club.
A hobgoblin comes into view.
A goblin comes into view. It is wielding a +0 club.
The goblin hits you with a +0 dagger.
HP[-4]
You take 4 damage, and now have 17/24 hp.
Your hound misses the goblin. The goblin closely misses your hound.
The goblin closely misses you.
Your hound bites the goblin.
Your hound closely misses the goblin.
Robin throws the goblin at you! The goblin closely misses your hound.
HP[-2]
You take 2 damage, and now have 15/24 hp.
You hit the goblin but do no damage. Your kick misses the goblin.
Your hound bites the goblin.
The goblin barely misses your hound. The goblin closely misses your hound.
The goblin misses you.
A goblin comes into view.
It is wielding a +2 dagger of distortion.
The goblin hits you with a +0 dagger.
HP[-1]
You take 1 damage, and now have 14/24 hp.
Your hound closely misses the goblin.
Robin throws the goblin at you!
* * * LOW HITPOINT WARNING * * *
The goblin hits you with a +1 dagger of protection.
* * * LOW HITPOINT WARNING * * *
The goblin barely misses you.
HP[-6]
You take 6 damage, and now have 8/24 hp.
MASSIVE DAMAGE!! (PAUSE) Unknown command.
The goblin barely misses your hound. The goblin closely misses you.
Robin throws the goblin at you!
A hobgoblin comes into view.
The goblin hits you with a +2 dagger of distortion.
* * * LOW HITPOINT WARNING * * *
Space warps horribly around you!
You die...

Skill      XL: |  1  2  3 |
---------------+----------+-----
Summonings     | 5 |  5.8
Hexes          | 1 |  1.1
Dodging        | |  2.9
Stealth        | |  2.0
Spellcasting   | |  2.5

Action                   |  1- 3 |  4- 6 || total
-------------------------+-------+-------++-------
Melee: Dagger            |    27 |     6 ||    33
       Kick              |     8 |     2 ||    10
       Unarmed           |     3 |       ||     3
       Peck              |     2 |       ||     2
 Cast: Summon Small Mamm |    32 |     2 ||    34
       Call Canine Famil |     8 |     4 ||    12
 Stab: Sleeping          |     2 |       ||     2
       Distracted        |     2 |       ||     2
Armor: Robe              |     7 |     6 ||    13
Dodge: Dodged            |    31 |    19 ||    50

Levels and vault maps discovered:
D:1:      onia_arrival_handbag, layout_basic,
          hellmonk_ecumenical_altar_lost_god, serial_shops,
          nicolae_shop_hallway_stairs
D:2:      layout_rooms, serial_shops, shop, nicolae_shop_trees,
          nicolae_lakefront_shop, shop, shop
D:3:      layout_rooms, nicolae_uskayaw_en_pointe, general_overflow_altar,
          uniq_robin

Notes
Turn   | Place    | Note
-------+----------+-------------------------------------------
     0 | D:1      | zeratav the Tengu Summoner began the quest for the Orb.
     0 | D:1      | Reached XP level 1. HP: 10/10 MP: 4/4
     0 | D:1      | magus.rc [v1.9.6]
    34 | D:1      | Found Quemn's Assorted Antiques.
   279 | D:1      | Reached skill level 5 in Summonings
   279 | D:1      | Reached XP level 2. HP: 15/15 MP: 3/6
  1192 | D:1      | You pick up a book of Fire and begin reading...
  1192 | D:1      | You add the spells Fireball, Starburst and Ignition to your
                  | library.
  1466 | D:1      | Found a faded altar of an unknown god.
  1815 | D:2      | Found Wurha's Antique Armour Emporium.
  1816 | D:2      | Found Kopnaffamn's Assorted Antiques.
  1855 | D:2      | Reached XP level 3. HP: 18/19 MP: 7/7
  1915 | D:2      | Learned a level 3 spell: Call Canine Familiar
  2002 | D:2      | Found Atteucigg's Antique Weapon Boutique.
  2071 | D:2      | HP: 3/19 [adder (3)]
  2340 | D:2      | Found Cupna's Assorted Antiques.
  2350 | D:2      | Bought a vibrating silver ring for 110 gold pieces
  2350 | D:2      | Identified the ring "Sonoagecs" {Drain rF+ rCorr Str+4
                  | SInv} (You bought it in a shop on level 2 of the Dungeon)
  2594 | D:2      | Found Qyuf's General Store.
  2653 | D:2      | Reached skill level 1 in Hexes
  2653 | D:2      | Reached XP level 4. HP: 24/24 MP: 4/8
  2964 | D:3      | Noticed a +0 spear
  2965 | D:3      | Noticed a +0 short sword
  2965 | D:3      | Noticed a +0 dagger
  2965 | D:3      | Noticed a +0 short sword
  2965 | D:3      | Noticed a +0 spear
  2965 | D:3      | Noticed a +0 falchion
  2967 | D:3      | Noticed a +0 falchion
  2967 | D:3      | Noticed a +0 dagger
  3037 | D:3      | Found a hide-covered altar of Uskayaw.
  3192 | D:3      | Got the Compendium of the Vitriolic Blaze
  3201 | D:3      | Noticed Robin
  3210 | D:3      | HP: 2/24 [goblin/+2 dagger of distortion[Robin] (6)]
  3210 | D:3      | Mangled by a goblin

Vanquished Creatures
  A worm (D:2)
  A ball python (D:1)
  3 jackals (D:3)
  2 kobolds
  A bat (D:1)
  A frilled lizard (D:1)
  4 rats (D:1)
13 creatures vanquished.

Vanquished Creatures (collateral kills)
  4 adders
  A bat (D:2)
  2 endoplasms (D:1)
  5 goblins
  3 hobgoblins
  A jackal (D:3)
  6 ball pythons
  A frilled lizard (D:2)
  8 kobolds
  5 rats
36 creatures vanquished.

Grand Total: 49 creatures vanquished

Table legend:
 A = Non-vault XP
 B = Vault XP
 C = Vault XP percentage of total XP
 D = Non-vault monster count
 E = Vault monster count
 F = Vault count percentage of total count
                 A         B        C        D         E       F
            +---------+---------+-------+---------+---------+-------
      Total |     120 |       5 |   4.0 |      45 |       4 |   8.2
            +---------+---------+-------+---------+---------+-------
        D:1 |      27 |       5 |  15.6 |      20 |       4 |  16.7
        D:2 |      55 |       0 |   0.0 |      10 |       0 |   0.0
        D:3 |      38 |       0 |   0.0 |      15 |       0 |   0.0
            +---------+---------+-------+---------+---------+-------

Illustrated notes

Table legend:
 A = Kills in this place as a percentage of kills in entire the game.
 B = Kills by you in this place as a percentage of kills by you in the entire game.
 C = Kills by friends in this place as a percentage of kills by friends in the entire game.
 D = Other kills in this place as a percentage of other kills in the entire game.
 E = Experience gained in this place as a percentage of experience gained in the entire game.
 F = Experience gained in this place divided by the number of levels of this place that you have seen.
                   A       B       C       D       E      F
               +-------+-------+-------+-------+-------+----------------------
         Total | 100.0 | 100.0 | 100.0 |   N/A | 100.0 |  41.7
       Dungeon | 100.0 | 100.0 | 100.0 |   N/A | 100.0 |  41.7
               +-------+-------+-------+-------+-------+----------------------

Table legend: (Time is in decaauts)
 A = Elapsed time spent in this place.
 B = Non-inter-level travel time spent in this place.
 C = Inter-level travel time spent in this place.
 D = Time resting spent in this place.
 E = Time spent auto-exploring this place.
 F = Levels seen in this place.
 G = Mean time per level.
                   A        B        C        D        E       F      G
               +--------+--------+--------+--------+--------+-----+--------+
         Total |   3207 |   3106 |    101 |    988 |   1482 |   3 | 1069.0 |
       Dungeon |   3207 |   3106 |    101 |    988 |   1482 |   3 | 1069.0 |
               +--------+--------+--------+--------+--------+-----+--------+

Top non-repeatable levels by time:
     D:1: 1814 daAuts
     D:2: 965 daAuts
     D:3: 428 daAuts
